 Dungeon Crawl Stone Soup version 0.28.0-47-ge53b351184 (webtiles) character file.

Game seed: 7716515692496417031

2193 pkoi the Twirler (level 8, -3/63 HPs)
             Began as a Demigod Gladiator on May 10, 2022.
             Slain by an ufetubus (4 damage)
             ... on level 6 of the Dungeon.
             The game lasted 00:15:55 (12320 turns).

pkoi the Twirler (Demigod Gladiator)               Turns: 12320, Time: 00:15:56

Health: -3/63      AC:  6    Str: 15    XL:     8   Next: 88%
Magic:  16/17      EV: 13    Int: 18    God:
Gold:   225        SH:  5    Dex: 15    Spells: 13/15 levels left

rFire   . . .      SeeInvis .   a - +0 quarterstaff
rCold   + . .      Faith    .   (shield currently unavailable)
rNeg    . . .      Spirit   .   n - +0 leather armour {rC+}
rPois   .          Reflect  +   c - +1 helmet
rElec   .          Harm     .   (no cloak)
rCorr   .          Rampage  .   (no gloves)
Will    .....      Clarity  +   g - +0 pair of boots
Stlth   +.........              o - amulet of reflection
HPRegen 0.00/turn               (no ring)
MPRegen 0.15/turn               (no ring)

@: inhibited regen
A: high MP 1, forlorn, divine attributes, clarity, inhibited regeneration,
evolution 1
a: no special abilities


You were on level 6 of the Dungeon.
You visited 1 branch of the dungeon, and saw 6 of its levels.

You collected 225 gold pieces.

Inventory:

Hand Weapons
 a - a +0 quarterstaff (weapon)
 k - a +2 spear
Missiles
 d - 5 throwing nets (quivered)
Armour
 b - a +0 leather armour
 c - a +1 helmet (worn)
 g - a +0 pair of boots (worn)
 i - a +0 chain mail
 n - a +0 leather armour of cold resistance (worn)
Jewellery
 o - an amulet of reflection (around neck)
Wands
 f - a wand of digging (3)
Scrolls
 e - a scroll of blinking


   Skills:
 + Level 3.4 Fighting
 * Level 4.2(5.2) Polearms
 - Level 4.7(5.5) Staves
 - Level 1.7 Throwing
 + Level 2.5 Armour
 - Level 4.0 Dodging
 - Level 4.0 Spellcasting
 - Level 4.2 Translocations
 - Level 4.1 Evocations


You had 13 spell levels left.
You knew the following spells:

 Your Spells              Type           Power      Damage    Failure   Level
a - Blink                 Tloc           36%        N/A       4%          2

Your spell library contained the following spells:

 Spells                   Type           Power      Damage    Failure   Level
 Lesser Beckoning         Tloc           18%        N/A       10%         3
 Beastly Appendage        Tmut           6%         N/A       19%         1
 Wereblood                Tmut           3%         N/A       26%         2
 Spider Form              Tmut/Pois      3%         N/A       47%         3
 Manifold Assault         Tloc           18%        N/A       65%         5


Dungeon Overview and Level Annotations

Branches:
Dungeon (6/15)             Temple (0/1) D:4

Shops:
D:3 (

Annotations:
D:2 Eustachio


Innate Abilities, Weirdness & Mutations

You have an increased reservoir of magic. (+10% MP)
You shall have no god before yourself.
Your divine heritage dramatically boosts your attributes as you level up.
You possess an exceptional clarity of mind.
You do not regenerate when monsters are visible.
You have hidden genetic potential.


Message History

The yak gores you!
* * * LOW HITPOINT WARNING * * *
You hit the yak but do no damage.
The yak is heavily wounded.
The yak completely misses you.
You completely miss the yak.
The yak is heavily wounded.
The yak snorts and paws the ground.
The yak gores you!
* * * LOW HITPOINT WARNING * * *
You hit the yak but do no damage.
The yak is heavily wounded.
The yak gores you!
* * * LOW HITPOINT WARNING * * *
You barely miss the yak.
The yak is heavily wounded.
The yak gores you.
* * * LOW HITPOINT WARNING * * *
Casting: Blink (safe; 4% risk of failure)
Confirm with . or Enter, or press ? or * to list all spells.
You blink.
An orc wizard appears from thin air!
Reactivating autopickup.
The orc wizard gestures at you while chanting.
You easily resist.
A gnoll sergeant comes into view. It is wielding a +2 spear of flaming.
The gnoll sergeant shouts!
As you read the scroll of teleportation, it crumbles to dust.
You feel strangely unstable.
You feel stable enough to blink again. You block the gnoll sergeant's attack.
A centaur zombie comes into view.
The gnoll sergeant misses you.
Your surroundings suddenly seem different.
Found a brass ring and a scale mail.
An ufetubus comes into view.
The ufetubus shouts!
The ufetubus hits you.
* * * LOW HITPOINT WARNING * * *
The ufetubus hits you.
You die...

####..#...#.
#...#...#
#........
#.#...#..
#..#...#.
#...#...#
#Z.#...#
#5#...#..
#@.......
#.=.......
#..........
#..........
#.##.......
#. .......
.. ..#....
##. ###.#.#


You could see an ufetubus and a centaur zombie.

Vanquished Creatures
  Edmund (D:5)
  A water moccasin (D:5)
  An ice beast (D:3)
  An orc warrior (D:6)
  3 ogres
  A necrophage (D:6)
  A phantom (D:5)
  A centaur (D:5)
  A bullfrog (D:6)
  5 scorpions
  5 wights (D:4)
  A centaur zombie (D:5)
  A bullfrog skeleton (D:6)
  An orc priest (D:4)
  6 hounds
  2 jellies
  A centaur skeleton (D:4)
  An iguana (D:4)
  3 orc wizards
  A howler monkey skeleton (D:4)
  6 adders
  9 gnolls
  A white imp (D:5)
  2 ufetubi
  A worm (D:3)
  2 dart slugs (D:1)
  16 orcs
  7 ball pythons
  9 endoplasms
  A giant cockroach (D:1)
  4 goblins
  9 hobgoblins
  2 jackals (D:1)
  6 kobolds
  3 quokkas
  5 bats
  5 frilled lizards
  5 rats
  A spectral orc (D:3)
132 creatures vanquished.

Vanquished Creatures (others)
  3 withered plants (D:3)
3 creatures vanquished.

Grand Total: 135 creatures vanquished

Notes
Turn   | Place    | Note
-------+----------+-------------------------------------------
     0 | D:1      | pkoi the Demigod Gladiator began the quest for the Orb.
     0 | D:1      | Reached XP level 1. HP: 17/17 MP: 3/3
   250 | D:1      | Reached XP level 2. HP: 18/24 MP: 4/4
  1090 | D:1      | Reached XP level 3. HP: 29/29 MP: 5/5
  2019 | D:2      | Reached skill level 1 in Armour
  2377 | D:2      | Learned a level 2 spell: Blink
  3433 | D:3      | Reached XP level 4. HP: 20/37 MP: 6/6
  4319 | D:3      | Noticed an ice beast
  4398 | D:3      | Found Ben Jil's Antique Weapon Emporium.
  4765 | D:3      | Killed an ice beast
  4766 | D:3      | Reached skill level 1 in Spellcasting
  4766 | D:3      | Reached skill level 1 in Translocations
  4766 | D:3      | Reached skill level 1 in Evocations
  4766 | D:3      | Reached XP level 5. HP: 34/42 MP: 7/9
  5336 | D:4      | Reached XP level 6. HP: 37/50 MP: 10/10
  6693 | D:4      | Reached XP level 7. HP: 50/57 MP: 12/12
  6735 | D:4      | Found a staircase to the Ecumenical Temple.
  6800 | D:5      | Entered Level 5 of the Dungeon
  6955 | D:4      | HP: 2/57 [ogre/+0 giant club (29)]
  7402 | D:5      | Noticed Eustachio
  7497 | D:4      | Reached skill level 1 in Polearms
  9430 | D:5      | Reached XP level 8. HP: 18/63 MP: 15/15
 10840 | D:5      | Noticed Edmund
 10841 | D:5      | Gained mutation: You have hidden genetic potential. [potion
                  | of mutation]
 10841 | D:5      | Gained mutation: You do not regenerate when monsters are
                  | visible. [potion of mutation]
 10841 | D:5      | Gained mutation: You possess an exceptional clarity of
                  | mind. [potion of mutation]
 10851 | D:5      | Killed Edmund
 12290 | D:6      | HP: 2/63 [yak (5)]
 12320 | D:6      | HP: 1/63 [ufetubus (1)]
 12320 | D:6      | Slain by an ufetubus

Illustrated notes

Levels and vault maps discovered:
D:1:      psy_arrival_conway, layout_rooms, dilly_ecumenical_altar_fadedgnrine,
          grunt_decor_junction, minmay_unequal
D:2:      layout_rooms
D:3:      layout_rooms, yredelemnul_forgotten_temple_becter,
          kiku_gazebo_garden_becter, serial_shops, shop,
          kennysheep_generic_room_5
D:4:      layout_basic, minmay_temple_entry_nine_rooms
D:5:      layout_cave_pools, nicolae_hepliaklqana_ecumenical_no_more,
          uniq_edmund, uniq_eustachio
D:6:      cheibrodos_fzero, layout_loops_corners,
          nicolae_ru_great_annihilating_truth

Skill      XL: |  1  2  3  4  5  6  7  8 |
---------------+-------------------------+-----
Fighting       | 2 3 |  3.4
Staves         | 3 4 |  4.7
Dodging        | 3 4 |  4.0
Armour         | 1 2 |  2.5
Spellcasting   | 1 3 4 |  4.0
Translocations | 1 2 3 4 |  4.2
Evocations     | 1 2 3 4 |  4.1
Polearms       | 2 4 |  4.2
Throwing       | |  1.7

Action                   |  1- 3 |  4- 6 |  7- 9 || total
-------------------------+-------+-------+-------++-------
Melee: Quarterstaff      |   162 |   126 |   313 ||   601
       Spear             |       |    48 |    27 ||    75
       Punch             |       |     2 |       ||     2
 Cast: Blink             |       |       |     6 ||     6
  Use: Scroll            |     8 |       |     2 ||    10
       Potion            |       |       |     7 ||     7
 Stab: Sleeping          |       |       |     1 ||     1
       Paralysed         |       |       |     3 ||     3
Armor: Leather armour    |    30 |     7 |    95 ||   132
       Chain mail        |    42 |    49 |       ||    91
       Skin              |       |       |     7 ||     7
Dodge: Dodged            |    86 |    69 |   221 ||   376
Block: Other             |     3 |    39 |   103 ||   145
       Reflection        |       |       |     2 ||     2
